 Dungeon Crawl Stone Soup version 0.28.0-62-gf88900778d (webtiles) character file.

Game seed: 9701408596870084217

69245 cbfl8 the Severer (level 14, -3/111 HPs)
             Began as a Minotaur Fighter on Aug 24, 2023.
             Was an Elder of Hepliaklqana.
             Slain by a phantasmal warrior (25 damage)
             ... led by a death knight
             ... on level 15 of the Dungeon.
             The game lasted 00:35:46 (30499 turns).

cbfl8 the Severer (Minotaur Fighter)               Turns: 30499, Time: 00:35:48

Health: -3/111     AC: 25    Str: 21    XL:     14   Next: 89%
Magic:  13/13      EV:  7    Int:  5    God:    Hepliaklqana [****..]
Gold:   909        SH: 19    Dex: 15    Spells: 13/13 levels left

rFire   + . .      SeeInvis .   K - +5 broad axe (flame)
rCold   + + .      Faith    .   L - +0 tower shield
rNeg    . . .      Spirit   .   M - -2 gold dragon scales
rPois   +          Reflect  .   (helmet restricted)
rElec   .          Harm     .   q - +2 cloak {rC+}
rCorr   .          Rampage  .   i - +1 pair of gloves
Will    +....                   w - +0 pair of boots
Stlth   ..........              J - amulet of the acrobat
HPRegen 0.28/turn               F - +4 ring of evasion
MPRegen 0.13/turn               H - +4 ring of slaying

@: studying Ice Magic
A: reduced essence, horns 2, retaliatory headbutt, passive freeze
a: Renounce Religion, Recall Ancestor, Ancestor Identity, Transference, Idealise


You were on level 15 of the Dungeon.
You worshipped Hepliaklqana.
Hepliaklqana was greatly pleased with you.
You visited 2 branches of the dungeon, and saw 16 of its levels.
You also visited: Sewer and Ice Cave.

You collected 2274 gold pieces.
You spent 1365 gold pieces at shops.

Inventory:

Hand Weapons
 l - a +1 war axe of flaming
 K - a +5 broad axe of flaming (weapon)
Missiles
 j - 8 javelins
 n - 9 boomerangs
Armour
 i - a +1 pair of gloves (worn)
 q - a +2 cloak of cold resistance (worn)
 w - a +0 pair of boots (worn)
 L - a +0 tower shield (worn)
 M - -2 gold dragon scales (worn)
Jewellery
 p - a ring of protection from cold
 F - a +4 ring of evasion (left hand)
 H - a +4 ring of slaying (right hand)
 J - an amulet of the acrobat (around neck)
Wands
 y - a wand of polymorph (14)
Scrolls
 b - 3 scrolls of teleportation
 c - a scroll of magic mapping
 e - 3 scrolls of fog
 h - a scroll of fear
 k - 2 scrolls of holy word
 r - 2 scrolls of noise
 x - 2 scrolls of immolation
 D - a scroll of silence
Potions
 a - a potion of brilliance {unknown}
 d - 4 potions of might
 f - 2 potions of attraction {unknown}
 m - a potion of heal wounds
 o - 2 potions of lignification {unknown}
 s - 3 potions of degeneration {unknown}
 t - 3 potions of curing
 u - 2 potions of mutation
 z - a potion of invisibility {unknown}
 A - a potion of magic {unknown}
 G - 4 potions of flight
 I - a potion of berserk rage {unknown}
Miscellaneous
 g - a phantom mirror (quivered)
 v - a condenser vane
 B - a tin of tremorstones (2/2)
 E - a phial of floods


   Skills:
 + Level 11.6 Fighting
 + Level 16.8 Axes
 + Level 6.0 Throwing
 + Level 13.7 Armour
 - Level 0.2 Dodging
 - Level 0.2 Stealth
 * Level 15.2 Shields
 + Level 0.8 Invocations
 * Level 10.3 Evocations


You had 13 spell levels left.
You didn't know any spells.
Your spell library contained the following spells:

 Spells                   Type           Power      Damage    Failure   Level
 Freeze                   Ice            0%         1d3       100%        1
 Pain                     Necr           0%         1d4       100%        1
 Sandblast                Erth           0%         2d4       100%        1
 Passwall                 Tmut/Erth      0%         N/A       100%        2
 Dazzling Flash           Conj/Hex       0%         N/A       100%        3
 Gell's Gravitas          Tloc           0%         N/A       100%        3
 Ignite Poison            Fire/Tmut/Pois 0%         N/A       100%        3
 Mephitic Cloud           Conj/Pois/Air  0%         N/A       100%        3
 Ozocubu's Armour         Ice            0%         N/A       100%        3
 Stone Arrow              Conj/Erth      0%         3d7       100%        3
 Teleport Other           Tloc           0%         N/A       100%        3
 Airstrike                Air            0%         N/A       100%        4
 Animate Dead             Necr           0%         N/A       100%        4
 Dispel Undead            Necr           0%         3d6       100%        4
 Fulminant Prism          Conj/Hex       0%         3d6       100%        4
 Iskenderun's Mystic Bla  Conj/Tloc      0%         2d3       100%        4
 Leda's Liquefaction      Hex/Erth       0%         N/A       100%        4
 Summon Lightning Spire   Summ/Air       0%         N/A       100%        4
 Agony                    Necr           0%         N/A       100%        5
 Borgnjor's Vile Clutch   Necr/Erth      0%         N/A       100%        5
 Fireball                 Conj/Fire      0%         3d3       100%        5
 Freezing Cloud           Conj/Ice/Air   0%         6-21      100%        5
 Lee's Rapid Deconstruct  Erth           0%         3d5*      100%        5
 Lightning Bolt           Conj/Air       0%         1d11      100%        5
 Death Channel            Necr           0%         N/A       100%        6
 Dispersal                Tloc           0%         N/A       100%        6
 Starburst                Conj/Fire      0%         6d3       100%        6
 Statue Form              Tmut/Erth      0%         N/A       100%        6
 Ignition                 Fire           0%         3d3       100%        8


Dungeon Overview and Level Annotations

Branches:
Dungeon (15/15)            Temple (1/1) D:4            Lair (0/6) D:9
    Orc (0/2) D:11         Vaults (0/5) D:14         Depths (0/4) D:15
  Sewer (visited)           IceCv (visited)

Altars:
Ashenzari
Cheibriados
Dithmenos
Elyvilon
Fedhas
Gozag
Hepliaklqana
Kikubaaqudgha
Makhleb
Nemelex Xobeh
Qazlal
Ru
Trog
Uskayaw
Vehumet
Xom
Yredelemnul
The Shining One

Shops:
D:1 [   D:9 *((*::   D:12 ?   D:13 *   D:15 *

Portals:
Trove: D:11 (give 6 scrolls of blinking)

Annotations:
D:5 3 runed translucent doors, cbfl8's ghost, novice MfBe
D:13 3 runed translucent doors, Azrael; cbfl8's ghost, journeyman MiFi


Innate Abilities, Weirdness & Mutations

Your life essence is reduced to manifest your ancestor. (-10% HP)
You have a pair of horns on your head.
You reflexively headbutt those who attack you in melee.
A frigid envelope surrounds you and freezes all who hurt you.


Message History

You hit the death knight. You burn the death knight.
You headbutt the death knight!
The death knight is heavily wounded.
You barely miss the phantasmal warrior.
The skeletal warrior hits you but does no damage.
You block the phantasmal warrior's attack.
The death knight hits you but does no damage.
The death knight is very cold.
The death knight is heavily wounded.
You hit the death knight. You burn the death knight.
The death knight is heavily wounded.
You hit the phantasmal warrior but do no damage.
The skeletal warrior hits you from afar with a +0 glaive.
You block the phantasmal warrior's attack.
The death knight barely misses you.
Unknown command.
You barely miss the death knight.
The death knight is heavily wounded.
You hit the phantasmal warrior. You burn the phantasmal warrior.
You block the skeletal warrior's attack.
The phantasmal warrior hits you but does no damage.
The phantasmal warrior resists.
The phantasmal warrior is very cold.
The phantasmal warrior is heavily damaged.
The death knight mumbles some strange prayers to Yredelemnul against you.
Your body is wracked with pain!
* * * LOW HITPOINT WARNING * * *
You slice the death knight!! You burn the death knight.
The death knight is almost dead.
You closely miss the phantasmal warrior.
You block the skeletal warrior's attack.
The phantasmal warrior barely misses you.
The death knight invokes the aid of Yredelemnul against you.
You struggle to resist.
You hit the death knight. You burn the death knight.
Your headbutt misses the death knight.
The death knight is almost dead.
You hit the phantasmal warrior. You burn the phantasmal warrior.
You block the skeletal warrior's attack.
The phantasmal warrior hits you!!
You die...

..............8..#... #
.....P.8.......8..... .
.......8P.8....8... .
...........>....... .
................... #
....#..P...88!...... #
.......................#
......8W...P............
......†@..)............#
......p.......8[...#...#
.....z.........)...#...#
.......................#
.............).....#....
............)...........
........................
.........#..............
.....##.............


You could see a death knight, a skeletal warrior and a phantasmal warrior.

Vanquished Creatures
  Rupert (D:15)
  A lich (IceCv)
  Louise (D:14)
  A very ugly thing (IceCv)
  A fire dragon (D:14)
  A great orb of eyes (shapeshifter) (D:14)
  2 hydras
  A caustic shrike simulacrum (IceCv)
  4 vault guards
  3 boulder beetles
  A death knight (D:14)
  4 centaur warriors
  2 two-headed ogres
  Urug (D:13)
  5 skeletal warriors
  A spark wasp zombie (D:15)
  A flayed ghost (D:15)
  3 bog bodies (IceCv)
  2 necromancers
  A wizard (D:14)
  A phantasmal warrior (D:15)
  2 deep elf pyromancers
  11 ugly things
  2 manticores
  4 cyclopes
  2 gargoyles
  14 freezing wraiths
  A tengu conjurer (D:14)
  2 efreet
  An anaconda simulacrum (IceCv)
  An ice devil (IceCv)
  3 trolls
  10 slime creatures
  2 shadows
  Sigmund (D:2)
  A wraith (D:12)
  A yak (shapeshifter) (D:13)
  A dire elephant simulacrum (IceCv)
  4 fire bats (D:8)
  3 basilisks
  A fire elemental (D:13)
  5 yaks
  A two-headed ogre zombie (D:11)
  6 vampire mosquitoes
  A harpy simulacrum (IceCv)
  An acid dragon (D:14)
  6 water moccasins
  A hell hound (D:8)
  A hydra simulacrum (IceCv)
  5 orc warriors
  A sky beast (shapeshifter) (D:14)
  A necrophage (D:5)
  An ogre (D:9)
  3 boggarts (D:15)
  2 phantoms
  10 centaurs
  4 kobold brigands
  3 deep troll simulacra (IceCv)
  3 bullfrogs
  4 scorpions
  A wyvern zombie (D:7)
  6 lindwurm simulacra (IceCv)
  8 howler monkeys
  2 lava snakes (D:8)
  3 centaur zombies
  A jelly (D:7)
  A centaur skeleton (D:7)
  5 gnoll shamans
  4 orc priests
  4 hounds
  An iguana (D:4)
  13 orc wizards
  3 ogre zombies (D:11)
  14 gnolls
  7 adders
  A shadow imp (D:8)
  2 white imps (D:6)
  3 dart slugs
  17 orcs
  7 ball pythons
  5 bats
  13 endoplasms
  8 giant cockroaches
  10 goblins
  6 hobgoblins
  15 kobolds
  7 quokkas
  13 frilled lizards
  3 goblin zombies (D:11)
  A hobgoblin skeleton (D:11)
  5 hobgoblin zombies (D:11)
  2 orc skeletons (D:11)
  11 orc zombies (D:11)
  7 rats
373 creatures vanquished.

Vanquished Creatures (collateral kills)
  Jorgrun (D:15)
  A quicksilver ooze (D:12)
  A vault guard (D:14)
  A hydra (D:15)
  2 centaur warriors
  2 two-headed ogres
  A deep elf knight (D:12)
  2 skeletal warriors
  An obsidian statue (IceCv)
  4 bog bodies (IceCv)
  2 deep elf pyromancers
  A phantasmal warrior (D:15)
  A shadow dragon zombie (D:15)
  2 cyclopes
  A frost giant zombie (D:15)
  3 ugly things
  A manticore (D:13)
  A frost giant skeleton (D:15)
  A komodo dragon (D:9)
  3 unseen horrors
  5 freezing wraiths (IceCv)
  An entropy weaver simulacrum (IceCv)
  A troll (D:11)
  A dire elephant simulacrum (IceCv)
  A wraith (D:15)
  3 yaks
  A wyvern (D:10)
  A minotaur simulacrum (IceCv)
  3 vampire mosquitoes
  A harpy simulacrum (IceCv)
  An acid dragon (D:12)
  4 water moccasins
  4 hell hounds (D:13)
  2 orc warriors
  A black bear (D:6)
  A sky beast (D:7)
  An alligator simulacrum (IceCv)
  An ettin simulacrum (IceCv)
  A boggart (D:15)
  4 centaurs
  2 kobold brigands
  A bullfrog (D:9)
  3 lindwurm simulacra (IceCv)
  2 troll zombies (D:11)
  A wight (D:7)
  A howler monkey (D:7)
  2 orc priests
  A centaur skeleton (D:7)
  2 orc wizards (D:10)
  2 ogre zombies (D:11)
  7 gnolls (D:9)
  7 orcs
  A hobgoblin zombie (D:11)
  2 kobolds
  An orc skeleton (D:11)
  An orc zombie (D:11)
106 creatures vanquished.

Vanquished Creatures (others)
  A wizard (D:15)
  16 battlemagi
  3 ancestors
  3 fire vortices (D:8)
  22 fungi
  45 plants
  7 withered plants (D:15)
97 creatures vanquished.

Grand Total: 576 creatures vanquished

Notes
Turn   | Place    | Note
-------+----------+-------------------------------------------
     0 | D:1      | cbfl8 the Minotaur Fighter began the quest for the Orb.
     0 | D:1      | Reached XP level 1. HP: 19/19 MP: 0/0
     8 | D:1      | Found Misuj's Armour Shoppe.
   229 | D:1      | Reached XP level 2. HP: 27/27 MP: 1/1
   775 | D:1      | Reached XP level 3. HP: 33/33 MP: 2/2
   922 | D:1      | Found a faded altar of an unknown god.
   972 | D:2      | Noticed Sigmund
  1393 | D:2      | Reached skill level 3 in Axes
  1536 | D:2      | Killed Sigmund
  1537 | D:2      | Reached skill level 4 in Axes
  1537 | D:2      | Reached skill level 1 in Evocations
  1537 | D:2      | Reached XP level 4. HP: 30/41 MP: 3/3
  1537 | D:2      | Reached XP level 5. HP: 34/47 MP: 4/4
  2610 | D:3      | Reached XP level 6. HP: 53/53 MP: 5/5
  2614 | D:3      | Reached skill level 5 in Armour
  2623 | D:3      | Reached skill level 5 in Axes
  3778 | D:4      | Reached skill level 1 in Throwing
  3785 | D:4      | Found a staircase to the Ecumenical Temple.
  3788 | D:4      | Reached XP level 7. HP: 30/60 MP: 6/6
  3797 | Temple   | Entered the Ecumenical Temple
  3974 | Temple   | Became a worshipper of Hepliaklqana the Forgotten
  4137 | D:4      | Found a glowing drain.
  4142 | D:4      | Reached skill level 5 in Fighting
  4152 | Sewer    | Entered a sewer
  4438 | Sewer    | Reached skill level 6 in Axes
  4438 | Sewer    | Reached skill level 5 in Shields
  5095 | D:5      | Entered Level 5 of the Dungeon
  5470 | D:5      | Reached * piety under Hepliaklqana
  5587 | D:5      | Reached XP level 8. HP: 52/62 MP: 7/7
  6093 | D:5      | Found a runed translucent gate.
  6093 | D:5      | Found a runed translucent gate.
  6094 | D:5      | Found a runed translucent gate.
  6099 | D:5      | Noticed cbfl8's ghost (novice MfBe)
  6169 | D:6      | Reached skill level 7 in Axes
  6535 | D:6      | Found Xuonit's CLEARANCE SALE!.
  6538 | D:6      | Bought a scroll of blinking for 7 gold pieces
  6538 | D:6      | Bought a condenser vane for 40 gold pieces
  6538 | D:6      | Bought a +0 pair of boots for 4 gold pieces
  9008 | D:7      | Found a shadowy altar of Dithmenos.
  9160 | D:7      | Reached skill level 8 in Axes
  9172 | D:7      | Reached XP level 9. HP: 37/67 MP: 8/8
  9330 | D:7      | Noticed a gargoyle
  9344 | D:7      | Killed a gargoyle
  9996 | D:7      | Reached ** piety under Hepliaklqana
 10284 | D:7      | Found a white marble altar of Elyvilon.
 10495 | D:7      | Identified the +5 spear of the Egg {elec, rPois Str-4
                  | Dex+4}
 10900 | D:8      | Identified the +1 scale mail of Xehul {rN+ Int+5 Dex+4}
 10929 | D:8      | Found a bloodstained altar of Trog.
 11839 | D:8      | Reached skill level 9 in Axes
 11863 | D:8      | Reached skill level 5 in Evocations
 12302 | D:8      | Reached XP level 10. HP: 53/75 MP: 9/9
 12719 | D:9      | Found Famauq's Book Emporium.
 12748 | D:9      | Found Unaph's Weapon Shop.
 12749 | D:9      | Found Sizirecuir's Weapon Emporium.
 12838 | D:8      | Reached skill level 5 in Throwing
 13472 | D:8      | Remembered your ancestor Valentine as a battlemage
 13492 | D:9      | Found a broken altar of Ashenzari.
 13509 | D:9      | Found a staircase to the Lair.
 13608 | D:9      | Reached skill level 10 in Axes
 13842 | D:9      | Found a sparkling altar of Nemelex Xobeh.
 13959 | D:9      | Reached *** piety under Hepliaklqana
 14232 | D:9      | Found Gudwawn's Lightly-Used Armoury.
 14250 | D:9      | Found Ebaodique's Book Shop.
 15125 | D:9      | Found Xenuojuc's General Store.
 15128 | D:9      | Bought a +0 broad axe for 56 gold pieces
 15128 | D:9      | Bought a scroll of identify for 28 gold pieces
 15207 | D:10     | Entered Level 10 of the Dungeon
 15494 | D:10     | Reached XP level 11. HP: 57/82 MP: 10/10
 15762 | D:10     | Noticed a two-headed ogre
 15768 | D:10     | Killed a two-headed ogre
 15769 | D:10     | Reached skill level 11 in Axes
 15914 | D:10     | Reached skill level 10 in Armour
 16181 | D:11     | Found a staircase to the Orcish Mines.
 16926 | D:11     | Noticed a boulder beetle
 16955 | D:11     | Killed a boulder beetle
 16994 | D:11     | Noticed a vault guard
 17409 | D:11     | Killed a vault guard
 18064 | D:11     | Reached skill level 12 in Axes
 18173 | D:11     | Found a portal to a secret trove of treasure.
 18249 | D:11     | Reached **** piety under Hepliaklqana
 18482 | D:12     | Noticed a deep elf pyromancer
 18736 | D:12     | Killed a deep elf pyromancer
 19054 | D:12     | Found Anu Elarch's Magic Scroll Shop.
 19065 | D:12     | Bought a scroll of teleportation for 45 gold pieces
 19065 | D:12     | Bought a scroll of teleportation for 45 gold pieces
 19065 | D:12     | Bought a scroll of identify for 30 gold pieces
 19065 | D:12     | Bought a scroll of identify for 30 gold pieces
 19065 | D:12     | Bought a scroll of brand weapon for 300 gold pieces
 19186 | D:12     | Noticed a two-headed ogre
 19190 | D:12     | Killed a two-headed ogre
 19295 | D:12     | Noticed a deep troll earth mage
 19588 | D:12     | Noticed a two-headed ogre
 19592 | D:12     | Killed a two-headed ogre
 19593 | D:12     | Reached skill level 10 in Shields
 19596 | D:12     | Noticed a seven-headed hydra
 19598 | D:12     | Reached XP level 12. HP: 77/92 MP: 11/11
 20283 | D:12     | Killed a four-headed hydra
 20356 | D:12     | Noticed a quicksilver ooze
 20356 | D:12     | a deep troll earth mage changed into a quicksilver ooze
 20363 | D:12     | Killed a quicksilver ooze
 20364 | D:12     | Reached skill level 13 in Axes
 21209 | D:13     | Noticed a two-headed ogre
 21213 | D:13     | Killed a two-headed ogre
 21795 | D:9      | Bought -3 gold dragon scales for 780 gold pieces
 21912 | D:13     | Noticed a centaur warrior
 21919 | D:13     | Killed a centaur warrior
 22385 | D:13     | Found a runed translucent gate.
 22386 | D:13     | Found a runed translucent gate.
 22386 | D:13     | Found a runed translucent gate.
 22388 | D:13     | Noticed cbfl8's ghost (journeyman MiFi)
 22402 | D:13     | Noticed a boulder beetle
 22403 | D:13     | Noticed Urug
 22411 | D:13     | Killed a boulder beetle
 22412 | D:13     | Reached skill level 14 in Axes
 22415 | D:13     | Killed Urug
 22742 | D:13     | Reached XP level 13. HP: 39/100 MP: 12/12
 23044 | D:13     | Found Ujapsaxumn's Island Escapes.
 23044 | D:13     | Noticed Azrael
 23933 | D:14     | Noticed a fire dragon
 23951 | D:14     | Reached skill level 10 in Fighting
 23958 | D:14     | Killed a fire dragon
 24076 | D:14     | Found a gate to the Vaults.
 24280 | D:14     | Found a frozen archway.
 24282 | D:14     | Noticed Louise
 24291 | D:14     | Killed Louise
 24309 | IceCv    | Entered an ice cave
 24647 | IceCv    | Reached skill level 15 in Axes
 24902 | IceCv    | Noticed a white very ugly thing
 24907 | IceCv    | Killed a white very ugly thing
 25280 | IceCv    | Noticed a lich
 26301 | IceCv    | Found an ancient bone altar of Kikubaaqudgha.
 26314 | IceCv    | Reached XP level 14. HP: 97/109 MP: 13/13
 26452 | IceCv    | Killed a lich
 26471 | IceCv    | Got the Reference Book on Snow and Necromancy
 27122 | D:14     | Reached skill level 16 in Axes
 28016 | D:14     | Gained mutation: A frigid envelope surrounds you and
                  | freezes all who hurt you. [potion of mutation]
 28039 | D:15     | Entered Level 15 of the Dungeon
 28086 | D:15     | Noticed Rupert
 28093 | D:15     | Paralysed by Rupert for 6 turns
 28095 | D:15     | Killed Rupert
 28432 | D:14     | Reached skill level 10 in Evocations
 29456 | D:15     | Found Jyung's Elemental Accessories.
 29464 | D:15     | Noticed Jorgrun
 29730 | D:15     | Killed Jorgrun
 30007 | D:15     | Reached skill level 15 in Shields
 30469 | D:15     | Found a staircase to the Depths.
 30499 | D:15     | Slain by a phantasmal warrior

Illustrated notes

Levels and vault maps discovered:
D:1:      onia_arrival_pentagram, layout_loops_ring, serial_shops,
          nicolae_shop_statue_plus, shapermc_ecumenical_altar_petra
D:2:      layout_loops_ring, uniq_sigmund
D:3:      layout_loops_ring, nrook_loot_triangle
D:4:      layout_loops_cross, minmay_temple_entry_trees, portal_sewer_entry_b
D:5:      layout_basic, gammafunk_ghost_necromancy
D:6:      layout_rooms, moated_statue, nicolae_shop_clearance
D:7:      layout_basic, kennysheep_little_box, nicolae_dithmenos_shadow_blocks,
          serial_bayou_pond_d, minmay_checkerbox
D:8:      layout_basic, nicolae_overflow_crystal_walls, hangedman_incinerator
D:9:      kennysheep_seaside_town, layout_stronghold,
          mainiacjoe_overflow_small_starburst, mainiacjoe_overflow_alcove_1,
          due_lair_maze_entry_diamond, serial_shops, kennysheep_mini_moat,
          shop_fountains, shop, nicolae_shop_advertising_works
          [nicolae_subvault_shop_adworks], shop, minmay_shop_damaged
D:10:     layout_basic
D:11:     layout_loops_cross, zombieorc2_lemuel, enter_trove_5
D:12:     hourglass_vault, layout_cave_pools, serial_shops,
          nicolae_shop_window_shopping
D:13:     layout_rooms, ebering_ghost_rock_garden, nicolae_island_escapes,
          uniq_azrael, uniq_urug
D:14:     layout_basic, lightli_vaults_fourway_checkpoint,
          nicolae_elevator_lobby_asterisk, portal_ice_cave_entry_pillars_1,
          uniq_louise
D:15:     gammafunk_depths_entry_grave, layout_cave_pools,
          minmay_strange_pillars, nicolae_elemental_shop, uniq_jorgrun,
          uniq_rupert
Temple:   minmay_crystal_spiral_temple

Skill      XL: |  1  2  3  4  5  6  7  8  9 10 11 12 13 14 |
---------------+-------------------------------------------+-----
Shields        | 4 5 6 7 8 10 11 13 15 | 15.2
Axes           | 4 5 6 8 9 10 12 14 15 16 | 16.8
Fighting       | 4 5 6 7 8 9 10 11 | 11.6
Armour         | 4 5 7 8 9 11 12 13 | 13.7
Evocations     | 1 2 3 4 5 6 7 8 9 10 | 10.3
Throwing       | 1 2 3 4 6 |  6.0
Dodging        | |  0.2
Stealth        | |  0.2
Invocations    | |  0.8

Action                   |  1- 3 |  4- 6 |  7- 9 | 10-12 | 13-15 || total
-------------------------+-------+-------+-------+-------+-------++-------
Melee: War axe           |    64 |   101 |   315 |   236 |       ||   716
       Headbutt          |     5 |    17 |    51 |    88 |   110 ||   271
       Broad axe         |       |       |       |   102 |   329 ||   431
Invok: Recall Ancestor   |       |       |     1 |     1 |     1 ||     3
       Ancestor Identity |       |       |     1 |       |       ||     1
       Ancestor Life: Ba |       |       |       |     1 |       ||     1
       Idealise          |       |       |       |       |     2 ||     2
Evoke: Wand              |       |       |     6 |     7 |     5 ||    18
       Phial of floods   |       |       |       |     1 |     1 ||     2
       Phantom mirror    |       |       |       |       |     2 ||     2
       Tin of tremorston |       |       |       |       |     1 ||     1
       Condenser vane    |       |       |       |       |     1 ||     1
  Use: Scroll            |       |     5 |     2 |    16 |    14 ||    37
       Potion            |       |       |     4 |       |     6 ||    10
 Stab: Distracted        |       |       |       |     4 |    10 ||    14
Armor: Scale mail        |    33 |     4 |       |       |       ||    37
       Chain mail        |       |    50 |   134 |       |       ||   184
       Plate armour      |       |       |   100 |   184 |       ||   284
       Gold dragon scale |       |       |       |    12 |   162 ||   174
Dodge: Dodged            |    27 |    25 |   120 |   154 |    79 ||   405
Block: Buckler           |     8 |    21 |   110 |    30 |       ||   169
       Kite shield       |       |       |       |   143 |    40 ||   183
       Tower shield      |       |       |       |       |   275 ||   275
